 Dungeon Crawl Stone Soup version 0.20.1-1-g8b1a95d (console) character file.

567 hilaritas the Cleaver (level 7, -3/61 HPs)
             Began as a Deep Dwarf Berserker on July 30, 2017.
             Was a Believer of Trog.
             Slain by an ogre
             ... wielding a +0 giant club
              (10 damage)
             ... on level 4 of the Dungeon.
             The game lasted 00:07:46 (2823 turns).

hilaritas the Cleaver (Deep Dwarf Berserker)        Turns: 2823, Time: 00:07:47

Health: -3/61      AC: 10    Str: 23    XL:     7   Next: 11%
Magic:  7/7        EV: 12    Int:  7    God:    Trog [**....]
Gold:   54         SH:  0    Dex: 14    Spells: 6/6 levels left

rFire    . . .     SeeInvis .   p - +0 war axe
rCold    . . .     Gourm    .   (no shield)
rNeg     . . .     Faith    .   j - +0 chain mail
rPois    .         Spirit   .   o - +1 helmet
rElec    .         Reflect  .   (no cloak)
rCorr    .         Harm     .   (no gloves)
MR       +++..                  (no boots)
Stlth    ..........             (no amulet)
Regen    1.0/turn               k - +3 ring of evasion
MPRegen  0.1/turn               t - +2 ring of dexterity

@: non-regenerating
A: damage resistance, heal wounds, sense surroundings 1, no regeneration
a: Heal Wounds, Berserk, Trog's Hand, Burn Spellbooks, Renounce Religion


You were on level 4 of the Dungeon.
You worshipped Trog.
Trog was pleased with you.
You were not hungry.

You visited 1 branch of the dungeon, and saw 4 of its levels.

You collected 254 gold pieces.
You spent 200 gold pieces at shops.

Inventory:

Hand Weapons
 a - a +1 hand axe
 p - a +0 war axe (weapon)
 r - a +0 club
Armour
 j - a +0 chain mail (worn)
 o - a +1 helmet (worn)
Jewellery
 k - a +3 ring of evasion (left hand)
 t - a +2 ring of dexterity (right hand)
Wands
 u - a wand of flame (48/48)
Scrolls
 e - 3 scrolls of identify
 m - a scroll of teleportation
 n - 4 scrolls of remove curse
 q - 2 scrolls of magic mapping
Potions
 f - a potion of resistance
 l - a potion of lignification {unknown}
 s - a potion of haste {unknown}
 v - 2 potions of berserk rage
Comestibles
 c - a bread ration
 d - 2 royal jellies
 g - 5 fruits
 h - 4 meat rations
 i - a chunk of flesh


   Skills:
 - Level 2.6 Fighting
 * Level 9.0 Axes
 - Level 2.1 Armour
 - Level 2.1 Dodging


You had 6 spell levels left.
You didn't know any spells.

Dungeon Overview and Level Annotations

Branches:
Dungeon (4/15)
 Temple: D:4-7

Altars:
Cheibriados

Shops:
D:4 **%:

Annotations:
D:4 1 runed door


Innate Abilities, Weirdness & Mutations

You are resistant to damage.
You can heal yourself by infusing magical energy.
You passively map a small area around you.
You do not regenerate.


Message History

You now have 45 gold pieces (gained 7).
You see here 21 stones.
You open the door.
There is an open door here.
You now have enough gold to buy a +0 pair of boots on this level.
You can access your shopping list by pressing '$'.
You now have 54 gold pieces (gained 9).
You open the door.
There is an open door here.
An orc and an ogre come into view.
The ogre shouts!
The orc shouts!
The ogre moves out of view.
Search for what [Enter for "axe", or ? for help]?
The ogre hits you with a giant club!!
* * * LOW HITPOINT WARNING * * *
Okay, then.
Your skin crawls.
You feel resistant to hostile enchantments.
You feel somewhat more hungry. The ogre hits you with a giant club!
You die...

..# #........# ##+#* #.#
### #.#.####.# *,* #.#
#.#...##.# *,* *,*
#,###.##.# **,**##*******,*
#.###.##.#**,,,...,,,,,,,,*
#........#*,,,....*********
##.##.##.#**,.....,*
#,*#.##.###......,*
*,*#.....@Oo.....,*
*,*####.####.....**
*,****#.# **,..#* *,,,,,..#
****# *****####


You could see an ogre and an orc.

Vanquished Creatures
  A phantom (D:4)
  A centaur (D:4)
  A scorpion (D:4)
  A hound (D:4)
  3 orc wizards (D:4)
  3 orc priests (D:4)
  3 adders (D:2)
  3 oozes
  A worm (D:1)
  3 dart slugs
  4 leopard geckos
  12 orcs
  4 giant cockroaches
  16 goblins
  4 hobgoblins
  A jackal (D:3)
  6 kobolds (D:1)
  A quokka (D:4)
  2 ball pythons (D:1)
  6 bats
  8 frilled lizards
  A leopard gecko skeleton (D:4)
  5 rats
90 creatures vanquished.

Notes
Turn   | Place    | Note
-------+----------+-------------------------------------------
     0 | D:1      | hilaritas the Deep Dwarf Berserker began the quest for the Orb.
     0 | D:1      | Reached XP level 1. HP: 20/20 MP: 1/1
    91 | D:1      | Reached skill level 4 in Axes
    91 | D:1      | Reached XP level 2. HP: 22/27 MP: 2/2
   448 | D:1      | Reached XP level 3. HP: 13/33 MP: 3/3
   740 | D:1      | Reached skill level 5 in Axes
   802 | D:2      | Found a snail-covered altar of Cheibriados.
   832 | D:2      | Reached ** piety under Trog
   975 | D:2      | Reached XP level 4. HP: 36/40 MP: 4/4
  1549 | D:3      | Reached skill level 6 in Axes
  1980 | D:4      | Reached XP level 5. HP: 23/46 MP: 5/5
  2004 | D:4      | Reached skill level 7 in Axes
  2256 | D:4      | Noticed a phantom
  2275 | D:4      | Found Siosaneot's Food Boutique.
  2275 | D:4      | Found Miwiosen's Book Boutique.
  2276 | D:4      | Found Iddetuof's General Store.
  2276 | D:4      | Found Kojeoff's General Store.
  2286 | D:4      | Reached XP level 6. HP: 43/55 MP: 6/6
  2329 | D:4      | Bought a potion of resistance for 140 gold pieces
  2343 | D:4      | Reached skill level 8 in Axes
  2359 | D:4      | Bought a potion of berserk rage for 60 gold pieces
  2511 | D:4      | Found a runed door.
  2568 | D:4      | Reached XP level 7. HP: 41/61 MP: 7/7
  2675 | D:4      | Reached skill level 9 in Axes
  2823 | D:4      | Slain by an ogre

Skill      XL: |  1  2  3  4  5  6  7 |
---------------+----------------------+-----
Axes           | 4 5 6 7 8 9 |  9.0
Fighting       | |  2.6
Armour         | |  2.1
Dodging        | |  2.1

Action                   |  1- 3 |  4- 6 |  7- 9 || total
-------------------------+-------+-------+-------++-------
Melee: Hand axe          |   130 |   164 |    24 ||   318
Invok: Trog's Hand       |       |     2 |     1 ||     3
       Berserk           |       |     1 |       ||     1
 Abil: Heal Wounds       |     3 |     1 |       ||     4
  Use: Scroll            |     1 |     7 |       ||     8
  Eat: Chunk             |       |     7 |     1 ||     8
Armor: Animal skin       |     9 |       |       ||     9
       Ring mail         |    28 |    39 |       ||    67
       Chain mail        |       |    26 |     7 ||    33
Dodge: Dodged            |    85 |    97 |    13 ||   195
